 Dungeon Sprint DCSS version 0.23-a0-677-g07611c5 (webtiles) character file.

5494 Lanoc the Bludgeoner (level 10, -5/111 HPs)
             Began as a Troll Berserker on Jan 9, 2019.
             Was the Champion of Trog.
             Slain by a catoblepas (14 damage)
             ... in the Dungeon (Sprint IX: "|||||||||||||||||||||||||||||").
             The game lasted 00:03:37 (578 turns).

Lanoc the Bludgeoner (Troll Berserker)               Turns: 578, Time: 00:03:38

Health: -5/111     AC:  7    Str: 30    XL:     10   Next: 42%
Magic:  9/9        EV:  1    Int:  6    God:    Trog [******]
Gold:   0          SH:  0    Dex:  9    Spells: 9/9 levels left

rFire    . . .     SeeInvis .   n - +2 dire flail (crush)
rCold    . . .     Gourm    +   (shield currently unavailable)
rNeg     + + +     Faith    .   q - +0 troll leather armour
rPois    ∞         Spirit   .   (helmet restricted)
rElec    .         Reflect  .   (no cloak)
rCorr    .         Harm     .   (gloves unavailable)
MR       ++...     NoTele   +   (boots unavailable)
Stlth    +.........             (no amulet)
HPRegen  2.08/turn              p - +3 ring of intelligence
MPRegen  0.11/turn              o - +2 ring of evasion

@: petrified, berserk cooldown, regenerating, slowed
A: large, unfitting armour, claws 3, fast metabolism 3, gourmand, regeneration
1, shaggy fur 1, tough skin 2
a: Berserk, Trog's Hand, Brothers in Arms, Renounce Religion


You were in the Dungeon.
You worshipped Trog.
Trog was exalted by your worship.
You were very full.

You visited 1 branch

Inventory:

Hand Weapons
 n - a +2 dire flail of crushing (weapon)
Armour
 q - a +0 troll leather armour (worn)
Jewellery
 o - a +2 ring of evasion (right claw)
 p - a +3 ring of intelligence (left claw)
Wands
 m - a wand of iceblast (10)
Scrolls
 b - a scroll of identify
 i - 3 scrolls of blinking
 j - 4 scrolls of enchant weapon
 l - 3 scrolls of remove curse
 r - 2 scrolls of enchant armour
Potions
 a - a potion of brilliance
 d - 7 potions of curing
 e - 4 potions of heal wounds
 f - 2 potions of haste
 g - 4 potions of magic
 h - a potion of berserk rage
 k - a potion of invisibility
Comestibles
 c - 2 rations
 s - 12 chunks of flesh


   Skills:
 + Level 10.9 Fighting
 * Level 15.7 Maces & Flails
 + Level 10.9 Dodging


You had 9 spell levels left.
You didn't know any spells.
Your spell library was empty.

Dungeon Overview and Level Annotations

Branches:
Dungeon (1/1)

Altars:
Cheibriados
Dithmenos
Elyvilon
Fedhas
Gozag
Hepliaklqana
Kikubaaqudgha
Makhleb
Nemelex Xobeh
Okawaru
Qazlal
Ru
Sif Muna
Trog
Uskayaw
Vehumet
Wu Jian
Xom
Yredelemnul
Zin
The Shining One
Beogh
Jiyva
Lugonu


Innate Abilities, Weirdness & Mutations

You are too large for most types of armour.
You have claws for hands.
Your metabolism is lightning-fast.
You like to eat raw meat.
Your natural rate of healing is unusually fast.
You are covered in fur. (AC +1)
You have very tough skin. (AC +2)


Message History

The catoblepas breathes a plume of calcifying dust at you.
The blast of calcifying dust hits you!
You are engulfed in calcifying dust.
You are no longer berserk.
You feel yourself slow down. The catoblepas gores you.
You are engulfed in calcifying dust.
The catoblepas gores you but does no damage.
You are engulfed in calcifying dust.
The catoblepas gores you!!
You are engulfed in calcifying dust.
The catoblepas gores you!!
* * * LOW HITPOINT WARNING * * *
The catoblepas gores you!!
* * * LOW HITPOINT WARNING * * *
The catoblepas gores you. The catoblepas gores you!!
* * * LOW HITPOINT WARNING * * *
The catoblepas gores you!!
* * * LOW HITPOINT WARNING * * *
The catoblepas snuffles in challenge.
The catoblepas gores you!!
You die...

▓▓▓▓▓▓▓▓▓▓▓▓▓▓▓▓▓▓▓▓▓▓▓▓▓▓▓▓▓▓▓▓▓
________________________'.?|)[(()
▓▓▓▓▓▓▓▓▓▓▓▓▓▓▓▓▓▓▓▓▓▓▓▓▓▓▓▓▓▓▓▓▓
.................................
▓▓▓▓▓▓▓▓▓▓▓▓▓▓▓▓▓▓▓▓▓▓▓▓▓▓▓▓▓▓▓▓▓
....)÷.†......()@YY.....+
▓▓▓▓▓▓▓▓▓▓▓▓▓▓▓▓▓▓▓▓▓▓▓▓▓


You could see a catoblepas and a yak.

Vanquished Creatures
  A two-headed ogre (D)
  An oklob plant (D)
  A black mamba (D)
  2 spiny frogs (D)
  2 rime drakes (D)
  2 komodo dragons (D)
  A troll (D)
  3 hippogriffs (D)
  A blink frog (D)
  A water moccasin (D)
  A porcupine (D)
  A phantom (D)
  A sky beast (D)
  2 crocodiles (D)
  A crimson imp (D)
  2 worker ants (D)
  An orc (D)
  2 bat zombies (D)
  2 goblins (D)
  A ball python (D)
  2 bats (D)
  A giant cockroach zombie (D)
  A kobold (D)
33 creatures vanquished.

Vanquished Creatures (collateral kills)
  A centaur warrior (D)
  A tengu warrior (D)
  An ugly thing (D)
  An ice beast (D)
  A bat skeleton (D)
5 creatures vanquished.

Grand Total: 38 creatures vanquished

Notes
Turn   | Place    | Note
-------+----------+-------------------------------------------
     0 | D        | Lanoc the Troll Berserker began the quest for the Orb.
     0 | D        | Reached XP level 1. HP: 22/22 MP: 0/0
     7 | D        | Reached skill level 3 in Maces & Flails
     8 | D        | Reached ** piety under Trog
    20 | D        | Noticed a crimson imp
    20 | D        | Noticed a phantom
    23 | D        | Reached *** piety under Trog
    27 | D        | Reached XP level 2. HP: 29/29 MP: 1/1
    35 | D        | Killed a crimson imp
    35 | D        | Reached skill level 5 in Maces & Flails
    35 | D        | Reached XP level 3. HP: 39/39 MP: 2/2
    69 | D        | Killed a phantom
    69 | D        | Reached skill level 6 in Maces & Flails
    69 | D        | Reached XP level 4. HP: 24/49 MP: 3/3
    78 | D        | Found a roughly hewn altar of Beogh.
    78 | D        | Found a snail-covered altar of Cheibriados.
    78 | D        | Found a shadowy altar of Dithmenos.
    78 | D        | Found a white marble altar of Elyvilon.
    78 | D        | Found a blossoming altar of Fedhas.
    78 | D        | Found an opulent altar of Gozag.
    79 | D        | Found a hazy altar of Hepliaklqana.
    80 | D        | Found a viscous altar of Jiyva.
    81 | D        | Found an ancient bone altar of Kikubaaqudgha.
    82 | D        | Found a corrupted altar of Lugonu.
    83 | D        | Found a burning altar of Makhleb.
    84 | D        | Found a sparkling altar of Nemelex Xobeh.
    85 | D        | Found an iron altar of Okawaru.
    86 | D        | Found a stormy altar of Qazlal.
    87 | D        | Found a sacrificial altar of Ru.
    88 | D        | Found a deep blue altar of Sif Muna.
    89 | D        | Found a bloodstained altar of Trog.
    90 | D        | Found a hide-covered altar of Uskayaw.
    91 | D        | Found a radiant altar of Vehumet.
    92 | D        | Found an ornate altar of the Wu Jian Council.
    93 | D        | Found a shimmering altar of Xom.
    94 | D        | Found a basalt altar of Yredelemnul.
    95 | D        | Found a glowing silver altar of Zin.
    96 | D        | Found a glowing golden altar of the Shining One.
   227 | D        | Noticed a troll
   227 | D        | Noticed a sky beast
   227 | D        | Noticed a two-headed ogre
   230 | D        | Killed a troll
   230 | D        | Reached **** piety under Trog
   230 | D        | Reached skill level 9 in Maces & Flails
   230 | D        | Reached XP level 5. HP: 59/59 MP: 4/4
   230 | D        | Reached XP level 6. HP: 67/67 MP: 5/5
   239 | D        | Killed a sky beast
   240 | D        | Reached ***** piety under Trog
   248 | D        | Killed a two-headed ogre
   248 | D        | Reached skill level 11 in Maces & Flails
   248 | D        | Reached XP level 7. HP: 33/79 MP: 6/6
   248 | D        | Reached XP level 8. HP: 36/88 MP: 7/7
   300 | D        | Noticed a tengu warrior
   300 | D        | Noticed a centaur warrior
   300 | D        | Noticed a cyan ugly thing
   333 | D        | Killed a tengu warrior
   333 | D        | Reached skill level 12 in Maces & Flails
   335 | D        | Killed a centaur warrior
   335 | D        | Reached skill level 13 in Maces & Flails
   336 | D        | Killed a cyan ugly thing
   336 | D        | Reached XP level 9. HP: 66/98 MP: 8/8
   475 | D        | Noticed a rime drake
   483 | D        | Received a gift from Trog
   484 | D        | Killed a rime drake
   484 | D        | Reached skill level 14 in Maces & Flails
   485 | D        | Noticed a spiny frog
   485 | D        | Noticed a black mamba
   497 | D        | Killed a spiny frog
   497 | D        | Reached skill level 10 in Fighting
   497 | D        | Reached skill level 10 in Dodging
   504 | D        | Killed a black mamba
   543 | D        | Noticed an oklob plant
   543 | D        | Noticed a komodo dragon
   543 | D        | Noticed a rime drake
   543 | D        | Noticed a komodo dragon
   544 | D        | Noticed a spiny frog
   549 | D        | Killed an oklob plant
   549 | D        | Received a gift from Trog
   549 | D        | Reached skill level 15 in Maces & Flails
   549 | D        | Reached XP level 10. HP: 104/111 MP: 9/9
   555 | D        | Noticed a catoblepas
   562 | D        | Reached ****** piety under Trog
   562 | D        | Received a gift from Trog
   563 | D        | Killed a spiny frog
   578 | D        | Slain by a catoblepas

Vault maps used:
D:        linesprint

Skill      XL: |  1  2  3  4  5  6  7  8  9 |
---------------+----------------------------+-----
Maces & Flails | 3 5 6 9 11 13 15 | 15.7
Fighting       | 3 4 6 7 9 10 | 10.9
Dodging        | 3 4 6 7 9 10 | 10.9

Action                   |  1- 3 |  4- 6 |  7- 9 | 10-12 || total
-------------------------+-------+-------+-------+-------++-------
Melee: Mace              |    41 |       |       |       ||    41
       Dire flail        |       |    17 |    47 |    15 ||    79
Invok: Berserk           |     1 |     1 |     3 |       ||     5
       Trog's Hand       |     1 |       |     2 |       ||     3
       Brothers in Arms  |       |       |     1 |       ||     1
  Use: Scroll            |       |       |     1 |       ||     1
       Potion            |       |       |     1 |       ||     1
  Eat: Chunk             |       |     3 |    12 |       ||    15
Armor: Animal skin       |    13 |     1 |       |       ||    14
       Troll leather arm |       |       |     8 |     1 ||     9
Dodge: Dodged            |    21 |    10 |    18 |     2 ||    51

Table legend:
 A = Non-vault XP
 B = Vault XP
 C = Vault XP percentage of total XP
 D = Non-vault monster count
 E = Vault monster count
 F = Vault count percentage of total count
                 A         B        C        D         E       F
            +---------+---------+-------+---------+---------+-------
      Total |       0 |    7849 | 100.0 |       0 |      38 | 100.0
            +---------+---------+-------+---------+---------+-------
          D |       0 |    7849 | 100.0 |       0 |      38 | 100.0
            +---------+---------+-------+---------+---------+-------
